AoeStats
← Juanfreelance

Arabia

509488000Analyzed
2v2 RM · 5d ago on Sep 26, 2026· 62m 9s· 4 players
Game mode
Random Map
Map size
Medium (4 player)
Population
200
Speed
Normal
Resources
Standard
Victory
Conquest
Starting age
Dark Age
Ending age
Imperial Age
RankedLock teamsTeams togetherTeam positionsShared explorationLock speedFull tech treeHidden civsTurbo modeCheats
Victory
Defeat
🇵🇦 Persians · Panama
1320
+23
🇨🇦 Danes · Canada
1297
+35
🇨🇱 Britons · Chile
1496
-24
🇨🇱 Persians · Chile
1446
-22
Nyuszi
1:18 Loom
10:07 Feudal Age
12:41 Double-Bit Axe
15:23 Horse Collar
20:31 Castle Age
18:25 Gold Mining
19:17 Bloodlines
19:16 Scale Barding Armor
20:36 Forging
21:44 Husbandry
25:09 Bow Saw
26:16 Gold Shaft Mining
27:16 Chain Barding Armor
30:00 Heavy Plow
33:35 Wheelbarrow
33:20 Stone Mining
36:55 Hand Cart
36:27 Town Watch
38:19 Iron Casting
43:01 Stone Shaft Mining
43:56 Scale Mail Armor
46:38 Pikeman
47:19 Squires
47:04 Arson
50:44 Imperial Age
49:10 Chain Mail Armor
48:46 Fletching
50:26 Masonry
50:12 Murder Holes
50:06 Hamask
50:49 Halberdier
51:58 Conscription
51:02 Capped Ram
52:44 Plate Mail Armor
53:14 Blast Furnace
52:10 Bodkin Arrow
53:38 Coinage
52:59 Siege Ram
53:56 Northmen's Fury
54:58 Padded Archer Armor
55:07 Elite Jomsviking
55:47 Onager
57:05 Banking
56:04 Elite Skirmisher
57:31 Hoardings
57:51 Siege Engineers
58:07 Ballistics
57:56 Siege Onager
61:01 Chemistry
Juanfreelance
5:27 Loom
9:35 Feudal Age
10:10 Double-Bit Axe
10:06 Horse Collar
16:32 Wheelbarrow
22:48 Castle Age
21:21 Forging
23:44 Bow Saw
23:51 Husbandry
25:47 Bloodlines
25:29 Gold Mining
34:29 Scale Barding Armor
37:00 Chain Barding Armor
40:59 Iron Casting
43:00 Town Watch
44:32 Hand Cart
47:44 Imperial Age
48:43 Light Cavalry
48:44 Cavalier
50:20 Plate Barding Armor
54:26 Scale Mail Armor
54:30 Padded Archer Armor
59:03 Leather Archer Armor
58:39 Fletching
58:40 Elite Skirmisher
60:13 Conscription
60:30 Bodkin Arrow
61:38 Chemistry
61:17 Thumb Ring
PilSeN___
5:20 Loom
9:14 Feudal Age
10:48 Double-Bit Axe
20:34 Castle Age
19:46 Horse Collar
19:56 Gold Mining
20:25 Gold Mining
20:49 Scale Barding Armor
21:19 Bloodlines
22:07 Town Watch
22:30 Husbandry
28:06 Forging
32:35 Iron Casting
33:08 Gold Shaft Mining
35:17 Chain Barding Armor
35:56 Heavy Plow
41:35 Stone Mining
48:24 Imperial Age
46:31 Wheelbarrow
48:05 Cavalier
49:25 Plate Barding Armor
48:47 Fletching
54:16 Bodkin Arrow
56:47 Blast Furnace
QNA | Yoyi
7:09 Loom
9:43 Feudal Age
10:35 Double-Bit Axe
12:48 Fletching
23:07 Castle Age
21:08 Padded Archer Armor
23:45 Bodkin Arrow
23:10 Crossbowman
26:41 Ballistics
40:52 Yeomen
40:20 Town Watch
44:23 Imperial Age
45:28 Bracer
47:16 Chemistry
46:47 Arbalester
49:06 Conscription
54:34 Leather Archer Armor
55:01 Squires
55:02 Scale Mail Armor
Connection lost

Rejoining the realm…

Still unreachable

The connection could not be restored.

Session expired

The server has moved on; the page needs a fresh start.